Map: Redshift LE

Players

Future

  • Race: Terran Terran
  • Spawn Location: 11:00

Semper - Winner!

  • Race: Terran Terran
  • Spawn Location: 7:00

Event: WCS Austin 2018

VOD

Have the link to the VOD?

Description

Time

  • Played on: June 1, 2018, 4:32 p.m.
  • Length: 10:28

All games in this series

Show
View Real Time Build Order
Export as new Build Order

Future Terran 

Build Orders: 1/1/1, Cyclone Opening, MMM Bio 

Get SALT Encoding   

  12  0:01  SCV  
  13  0:13  SCV  
  14  0:18  Supply Depot  
  14  0:26  SCV  
  14  0:27  Refinery  
  15  0:39  SCV  
  16  0:45  Barracks  
  16  0:51  SCV  
  17  0:58  Refinery  
  17  1:04  SCV  
  18  1:16  SCV  
  19  1:28  SCV  
  20  1:34  Factory  
  20  1:36  Reaper  
  21  1:40  Orbital Command  
  21  1:49  Supply Depot  
  21  2:05  SCV  
  21  2:08  Reaper  
  23  2:19  Hellion  
  23  2:22  Starport  
  25  2:23  SCV  
  25  2:28  Supply Depot  
  26  2:35  SCV  
  27  2:40  Barracks Tech Lab  
  27  2:43  Cyclone  
  28  3:08  SCV  
  28  3:12  Banshee, Cloaking Field  
  28  3:18  Supply Depot  
  31  3:21  Cyclone  
  35  3:32  Barracks Reactor  
  34  3:42  Command Center  
  34  3:52  SCV  
  35  3:55  Banshee  
  35  3:57  Factory Tech Lab  
  38  4:05  SCV  
  39  4:11  Supply Depot  
  40  4:17  SCV  
  40  4:22  Siege Tank  
  42  4:29  SCV  
  43  4:36  Marine  
  43  4:37  Marine  
  42  4:41  Barracks x2  
  42  4:43  Banshee  
  42  4:48  SCV  
  43  4:54  Marine x2  
  45  5:01  Orbital Command  
  45  5:02  SCV  
  46  5:12  Marine x2  
  46  5:14  SCV  
  46  5:21  Siege Tank  
  42  5:26  SCV  
  42  5:28  Banshee  
  41  5:30  SCV  
  41  5:33  Barracks Tech Lab  
  42  5:38  Barracks Tech Lab  
  42  5:43  SCV  
  42  5:44  SCV  
  42  5:49  Marine x2  
  46  5:55  Stimpack  
  46  5:57  SCV  
  46  5:58  SCV  
  48  6:04  Refinery  
  48  6:09  SCV  
  48  6:10  SCV  
  50  6:20  Combat Shields  
  50  6:21  SCV  
  50  6:22  SCV  
  50  6:23  Marine x3  
  50  6:24  Marine  
  56  6:30  Supply Depot  
  56  6:32  Siege Tank  
  59  6:33  SCV  
  59  6:35  SCV  
  59  6:37  Engineering Bay  
  61  6:42  Marine  
  61  6:45  SCV  
  63  6:49  Starport Reactor, SCV  
  63  6:50  Marine x2  
  63  6:51  Marine  
  67  6:59  SCV  
  67  7:00  Marine  
  69  7:04  Siege Tank  
  69  7:08  Supply Depot, Marine x2  
  72  7:10  Terran Infantry Weapons Level 1  
  72  7:11  Supply Depot, SCV  
  72  7:13  Marine  
  72  7:14  Bunker  
  75  7:19  Marine  
  75  7:22  SCV  
  74  7:26  Marine x2  
  74  7:29  Medivac  
  75  7:31  Medivac, Marine  
  75  7:34  SCV  
  79  7:37  Marine, Bunker  
  79  7:43  Marine  
  79  7:44  Marine  
  81  7:47  Siege Tank  
  81  7:48  Marine  
  81  7:49  SCV  
  87  7:52  SCV  
  87  7:55  Marine  
  87  7:56  Supply Depot  
  86  8:01  Marine x2, Supply Depot  
  88  8:06  SCV  
  88  8:07  Marine, SCV  
  88  8:09  Medivac  
  93  8:13  Marine  
  93  8:18  Refinery  
  93  8:19  Medivac, Marine x2  
  97  8:24  Marine  
  99  8:30  Marine  
  100  8:37  Marine x2  
  102  8:42  Marine  
  102  8:45  Siege Tank  
  106  8:48  Marine  
  106  8:55  Liberator x2, Marine x2  
  108  8:57  Supply Depot  
  108  8:59  Supply Depot, Command Center  
  108  9:00  Marine  
  109  9:06  Marine  
  110  9:13  Marine x2  
  118  9:18  Marine, Siege Tank  
  118  9:21  Supply Depot  
  118  9:23  Supply Depot  
  122  9:24  Marine  
  122  9:30  Marine  
  122  9:31  Marine  
  124  9:36  Marine  
  123  9:42  Marine  
  112  9:48  Marine  
  112  9:49  Marine  
  112  9:51  Barracks  
  112  9:52  Barracks  
  107  9:54  Marine  
  94  10:00  Marine  
  94  10:06  Marine x2  
Show
View Real Time Build Order
Export as new Build Order

Semper Terran - Winner!

Build Orders: Cyclone Opening, MMM Bio 

Get SALT Encoding   

  12  0:00  SCV  
  13  0:12  SCV  
  14  0:17  Supply Depot  
  14  0:25  SCV  
  15  0:29  Refinery  
  15  0:39  SCV  
  16  0:44  Barracks  
  16  0:51  SCV  
  16  0:54  Refinery  
  17  1:03  SCV  
  18  1:15  SCV  
  19  1:30  Orbital Command  
  19  1:31  Reaper  
  20  1:34  Factory  
  20  1:49  Supply Depot  
  20  1:56  SCV  
  21  2:03  Reaper  
  21  2:08  SCV  
  23  2:20  Hellion, SCV  
  26  2:29  Command Center  
  26  2:32  SCV  
  26  2:37  Barracks Reactor, Supply Depot  
  27  2:45  Cyclone  
  27  2:49  SCV  
  31  3:01  SCV  
  30  3:13  SCV  
  31  3:20  Supply Depot  
  31  3:25  SCV  
  32  3:28  Cyclone  
  32  3:29  Cyclone  
  36  3:35  Barracks Tech Lab  
  36  3:37  SCV  
  36  3:41  Orbital Command  
  37  3:49  SCV  
  37  3:54  Marine  
  39  4:00  Cyclone  
  39  4:01  Cyclone  
  45  4:04  SCV  
  46  4:10  SCV  
  46  4:16  Marine, SCV  
  49  4:17  Engineering Bay, Stimpack  
  49  4:21  Supply Depot  
  46  4:24  SCV  
  46  4:28  SCV  
  44  4:36  SCV  
  42  4:39  Cyclone  
  42  4:40  SCV  
  45  4:47  Missile Turret  
  45  4:52  Missile Turret  
  45  4:54  SCV  
  45  4:56  SCV  
  47  5:00  Marine  
  47  5:06  SCV  
  46  5:11  SCV  
  47  5:18  SCV  
  42  5:23  SCV  
  42  5:24  Marine  
  44  5:29  Barracks  
  44  5:30  SCV  
  44  5:31  Barracks  
  44  5:32  Factory Reactor  
  45  5:37  SCV  
  44  5:42  SCV  
  44  5:43  Marine  
  44  5:49  Terran Infantry Weapons Level 1, SCV  
  46  5:55  SCV  
  47  5:58  Refinery, Bunker  
  47  6:01  Marine, SCV  
  49  6:06  Missile Turret  
  49  6:07  SCV  
  50  6:13  SCV  
  50  6:15  Starport  
  50  6:17  Supply Depot  
  51  6:19  Marine x3, Combat Shields  
  51  6:20  Factory Reactor  
  51  6:24  SCV  
  55  6:27  Marine x2  
  55  6:31  SCV  
  58  6:36  SCV  
  58  6:37  Refinery, Marine x2  
  58  6:39  Marine  
  62  6:43  SCV  
  62  6:45  Marine x2  
  62  6:48  SCV  
  59  6:54  Marine  
  59  6:55  Marine, SCV  
  59  6:57  Marine  
  59  7:00  SCV  
  63  7:02  Marine  
  63  7:03  Marine  
  63  7:07  SCV  
  66  7:09  Factory Tech Lab  
  66  7:12  Marine x2  
  66  7:14  Marine, SCV  
  70  7:19  Medivac  
  70  7:20  Marine  
  70  7:21  Marine  
  70  7:22  SCV  
  69  7:30  Marine  
  69  7:35  Supply Depot  
  70  7:43  Marine  
  70  7:44  Marine  
  70  7:45  Medivac, SCV x2, Siege Tank  
  70  7:47  Marine  
  70  7:49  Terran Infantry Armor Level 1  
  70  7:50  Supply Depot  
  78  7:57  SCV  
  79  8:00  SCV  
  69  8:05  Medivac  
  80  8:09  SCV  
  83  8:14  Medivac  
  83  8:17  Siege Tank  
  83  8:19  Command Center  
  88  8:23  Marine x3  
  88  8:24  Marine  
  88  8:26  SCV  
  93  8:30  Marine  
  94  8:43  Supply Depot  
  94  8:44  Supply Depot  
  94  8:45  Marine x4, SCV x2  
  100  8:52  Marine  
  101  9:00  SCV  
  102  9:04  Marine x3  
  102  9:05  Siege Tank  
  102  9:08  SCV  
  109  9:11  Marine  
  109  9:14  Medivac x2  
  113  9:17  Barracks  
  113  9:27  SCV, Sensor Tower  
  112  9:37  Siege Tank  
  99  9:47  Marine x5  
  99  9:48  Medivac  
  99  9:49  Medivac  
  107  9:53  Barracks  
  106  10:05  Marine x4  
  106  10:07  Marine x2  
Tags
 
Add a new tag
Caveats
  • Supply blocks, unpowered buildings, or Contaminate may cause inaccurate times.
  • Supply counts are checked every 10 seconds.